 Dungeon Crawl Stone Soup version 0.21.1-1-g345015f (webtiles) character file.

70 ninurtach the Digger (level 4, 0/24 HPs)
             Began as a Gargoyle Earth Elementalist on May 14, 2018.
             Slain by a gnoll
             ... wielding a +0 spear
              (6 damage)
             ... on level 1 of the Dungeon.
             The game lasted 00:04:54 (2503 turns).

ninurtach the Digger (Gargoyle Earth Elementalist)  Turns: 2503, Time: 00:04:56

Health: 0/24       AC:  5    Str: 12    XL:     4   Next: 22%
Magic:  0/7        EV: 12    Int: 16    God:
Gold:   51         SH:  0    Dex: 10    Spells: 2/8 levels left

rFire    . . .     SeeInvis .   a - +0 dagger (venom)
rCold    . . .     Gourm    .   (no shield)
rNeg     + . .     Faith    .   c - +0 robe
rPois    ∞         Spirit   .   (no helmet)
rElec    +         Reflect  .   (no cloak)
rCorr    .         Harm     .   (no gloves)
MR       +....                  (no boots)
Stlth    ++........             (no amulet)
HPRegen  0.08/turn              i - ring of protection from magic
MPRegen  0.10/turn              (no ring)

@: very slightly contaminated
A: negative energy resistance 1, electricity resistance, unbreathing,
petrification resistance, rot immunity, AC +3
a: no special abilities


You were on level 1 of the Dungeon.
You were not hungry.

You visited 1 branch of the dungeon, and saw 2 of its levels.

You collected 51 gold pieces.

Inventory:

Hand Weapons
 a - a +0 dagger of venom (weapon)
Missiles
 b - 20 stones (quivered)
Armour
 c - a +0 robe (worn)
Jewellery
 i - a ring of protection from magic (left hand)
Scrolls
 j - 2 scrolls of remove curse {unknown}
 k - a scroll of fear {unknown}
Potions
 f - 2 potions of agility {unknown}
 g - a potion of haste {unknown}
 h - 2 potions of curing {unknown}
Books
 e - a book of Geomancy

   Spells                             Type                      Level
   a - Sandblast                      Earth                        1
   b - Passwall                       Transmutation/Earth          2
   c - Stone Arrow                    Conjuration/Earth            3
   d - Petrify                        Transmutation/Earth          4
   e - Lee's Rapid Deconstruction     Earth                        5
Comestibles
 d - a ration


   Skills:
 - Level 1.5 Dodging
 - Level 2.1 Stealth
 + Level 2.6 Spellcasting
 * Level 1.4 Conjurations
 - Level 0.7 Transmutations
 * Level 5.0 Earth Magic


You had 2 spell levels left.
You knew the following spells:

 Your Spells              Type           Power        Failure   Level  Hunger
a - Sandblast             Erth           ###...       2%          1    #......
b - Passwall              Tmut/Erth      ##........   9%          2    ##.....
c - Stone Arrow           Conj/Erth      ##....       16%         3    ###....


Dungeon Overview and Level Annotations

Branches:
Dungeon (2/15)

Altars:

Annotations:
D:2 Sigmund


Innate Abilities, Weirdness & Mutations

You are resistant to torment.
Your stone body is resilient. (AC +3)
You are immune to poison.
You resist negative energy. (rN+)
You are resistant to electric shocks. (rElec)
You can survive without breathing.
You are immune to petrification.
You are immune to rotting.


Message History

b - 21 stones The gnoll hits you from afar with a spear.
You take 3 damage, and have 8/24 hp.
You now have 4/7 mp.
Spoiler Alert: The gnoll can hit for moderate damage in melee, and throws nets!
Aim: a gnoll, wielding a spear You miscast Stone Arrow.
You are very lightly contaminated with residual magic.
Your skin tingles.
The gnoll closely misses you.
You now have 1/7 mp.
You don't know that spell.
Spoiler Alert: The gnoll can hit for moderate damage in melee, and throws nets!
Aim: a gnoll, wielding a spear The blast of sand hits the gnoll.
b - 20 stones The gnoll hits you from afar with a spear.
* * * LOW HITPOINT WARNING * * *
You take 2 damage, and have 6/24 hp.
You now have 0/7 mp.
Spoiler Alert: The gnoll can hit for moderate damage in melee, and throws nets!
The gnoll hits you with a spear.
You die...

#.....## ####.##
.......## ##.##.#
........####...#.#
.(......'........#
........####...#.#
.......## ##.##.#####
#.....## #...>.....#
##...## #.###g###.#
##'## #.# #@# #.#
#.########.# #.# #.#
#.#........# #.# #.#
##.#.#####..# #.# #.#
##....# #..# #.# #.#
#..#..#####..###.###.#
..###.....#..........#
##.#..###.#)####.#####
##.#.###...)....#


You could see a gnoll.

Vanquished Creatures
  2 gnolls (D:1)
  2 adders (D:2)
  2 dart slugs (D:1)
  2 leopard geckos (D:1)
  5 goblins
  3 hobgoblins (D:1)
  2 kobolds
  5 bats
  3 rats (D:1)
26 creatures vanquished.

Notes
Turn   | Place    | Note
-------+----------+-------------------------------------------
     0 | D:1      | ninurtach the Gargoyle Earth Elementalist began the quest for the Orb.
     0 | D:1      | Reached XP level 1. HP: 10/10 MP: 3/3
   190 | D:1      | Reached skill level 4 in Earth Magic
   199 | D:1      | Reached XP level 2. HP: 8/15 MP: 0/5
  1110 | D:1      | Learned a level 2 spell: Passwall
  1225 | D:1      | Reached XP level 3. HP: 19/19 MP: 4/6
  1230 | D:1      | Learned a level 3 spell: Stone Arrow
  1440 | D:2      | Reached skill level 1 in Conjurations
  1801 | D:2      | Noticed Sigmund
  2314 | D:1      | Reached skill level 5 in Earth Magic
  2314 | D:1      | Reached XP level 4. HP: 16/24 MP: 2/7
  2503 | D:1      | Slain by a gnoll

Skill      XL: |  1  2  3 |
---------------+----------+-----
Earth Magic    | 4 5 |  5.0
Conjurations   | 1 |  1.4
Dodging        | |  1.5
Stealth        | |  2.1
Spellcasting   | |  2.6
Transmutations | |  0.7

Action                   |  1- 3 |  4- 6 || total
-------------------------+-------+-------++-------
Melee: Unarmed           |    27 |       ||    27
       Dagger            |     8 |       ||     8
 Cast: Sandblast         |    29 |     5 ||    34
  Eat: Chunk             |     3 |       ||     3
       Ration            |       |     1 ||     1
Armor: Robe              |    13 |     1 ||    14
Dodge: Dodged            |    30 |     6 ||    36
